 Dungeon Crawl Stone Soup version 0.30.0-29-ga12c61a403 (webtiles) character file.

Game seed: 15052188695547440717

96759 LynnLen the Imperceptible (level 15, -2/63 HPs)
             Began as a Spriggan Enchanter on June 17, 2023.
             Was a High Priest of Nemelex Xobeh.
             Shot with a bolt by a yaktaur (7 damage)
             ... on level 13 of the Dungeon on June 18, 2023.
             The game lasted 01:55:38 (31257 turns).

LynnLen the Imperceptible (Spriggan Enchanter)     Turns: 31257, Time: 01:55:38

Health: -2/63      AC: 14    Str:  4    XL:     15   Next: 70%
Magic:  36/36      EV: 16    Int: 20    God:    Nemelex Xobeh [*****.]
Gold:   844        SH:  0    Dex: 20    Spells: 20/47 levels left

rFire   . . .        H - +9 short sword (venom)
rCold   . . .        (no shield)
rNeg    . . .        K - +3 troll leather armour {Snorg}
rPois   +            (helmet restricted)
rElec   .            P - +2 cloak
rCorr   .            (gloves unavailable)
SInv    +            (boots unavailable)
Will    ++...        D - amulet of magic regeneration
Stlth   ++++++++     f - ring of poison resistance
HPRegen 1.10/turn    E - +4 ring of protection
MPRegen 0.65/turn

%: no passive effects
@: very quick
A: very small, no large weapons, unfitting armour, see invisible, speed 3
a: Renounce Religion, Draw Escape, Draw Destruction, Draw Summoning, Triple
Draw, Deal Four, Stack Five


You were on level 13 of the Dungeon.
You worshipped Nemelex Xobeh.
Nemelex Xobeh was extremely pleased with you.
You visited 3 branches of the dungeon, and saw 19 of its levels.
You also visited: Ice Cave.

You collected 1410 gold pieces.
You spent 566 gold pieces at shops.

Inventory:

Hand Weapons
 H - a +9 short sword of venom (weapon)
 X - the +10 spear of Articulation {spect, Fragile rC++ Int+2}
   (You found it on level 10 of the Dungeon)

   Int:       It affects your intelligence (+2).
   rC:        It greatly protects you from cold.
   Fragile:   It will be destroyed if unequipped.
Missiles
 n - 161 stones (quivered)
 t - 46 poisoned darts
 A - 14 curare-tipped darts
Armour
 K - a +3 troll leather armour (worn) {Snorg}
 P - a +2 cloak (worn)
Jewellery
 f - a ring of poison resistance (left hand)
 i - a ring of ice
 j - a +5 ring of evasion
 l - a +4 ring of slaying
 r - a ring of flight
 C - a ring of willpower
 D - an amulet of magic regeneration (around neck)
 E - a +4 ring of protection (right hand)
 F - a ring of resist corrosion
 U - an amulet of guardian spirit
 Z - a ring of magical power
Wands
 B - a wand of polymorph (19)
 J - a wand of flame (21)
 L - a wand of roots (15)
 N - a wand of light (5)
 O - a wand of digging (5)
Scrolls
 c - 3 scrolls of torment
 d - a scroll of butterflies
 g - 7 scrolls of immolation
 h - 14 scrolls of teleportation
 k - 3 scrolls of vulnerability
 o - 5 scrolls of fear
 q - 2 scrolls of brand weapon
 u - 2 scrolls of acquirement {unknown}
 w - 3 scrolls of magic mapping
 y - 9 scrolls of amnesia
 z - 4 scrolls of fog
 R - a scroll of blinking {unknown}
 V - 3 scrolls of poison
Potions
 a - 8 potions of lignification
 e - 3 potions of flight
 m - 5 potions of resistance
 p - a potion of berserk rage {unknown}
 s - 4 potions of magic
 v - 2 potions of haste
 x - 4 potions of attraction
 G - 2 potions of might
 I - 2 potions of mutation
 M - 2 potions of degeneration {unknown}
 T - 2 potions of brilliance {unknown}


   Skills:
 - Level 1.1 Short Blades
 - Level 2.6 Dodging
 + Level 22.4 Stealth
 + Level 16.8 Spellcasting
 * Level 5.3 Conjurations
 + Level 14.5 Hexes
 * Level 6.3 Earth Magic
 - Level 6.0 Poison Magic
 * Level 8.9 Evocations


You had 20 spell levels left.
You knew the following spells:

 Your Spells              Type           Power      Damage    Failure   Level
a - Ensorcelled Hibernat  Hex/Ice        90%        N/A       1%          2
b - Confusing Touch       Hex            66%        N/A       1%          3
c - Tukima's Dance        Hex            66%        N/A       1%          3
d - Lehudib's Crystal Sp  Conj/Erth      20%        10d6      100%        8
e - Poisonous Vapours     Pois/Air       56%        N/A       2%          2
f - Olgreb's Toxic Radia  Pois           41%        N/A       4%          4
g - Silence               Hex/Air        22%        N/A       9%          5

Your spell library contained the following spells:

 Spells                   Type           Power      Damage    Failure   Level
 Kiss of Death            Conj/Necr      100%       2d13      1%          1
 Shock                    Conj/Air       100%       1d9       1%          1
 Sting                    Tmut/Pois      100%       1d8       1%          1
 Dazzling Flash           Conj/Hex       100%       N/A       1%          3
 Passwall                 Tmut/Erth      24%        N/A       2%          2
 Apportation              Tloc           32%        N/A       6%          1
 Ignite Poison            Fire/Tmut/Pois 24%        N/A       9%          3
 Swiftness                Air            16%        N/A       19%         3
 Iskenderun's Battlesphe  Conj           38%        2d9       19%         5
 Sticky Flame             Conj/Fire      27%        2d5       21%         4
 Borgnjor's Vile Clutch   Necr/Erth      14%        N/A       43%         5
 Alistair's Intoxication  Tmut/Pois      18%        N/A       45%         5
 Fireball                 Conj/Fire      13%        3d7       50%         5
 Airstrike                Air            8%         2d(2-18)  52%         4
 Animate Dead             Necr           16%        N/A       52%         4
 Dispel Undead            Necr           16%        3d10      52%         4
 Passage of Golubria      Tloc           16%        N/A       52%         4
 Eringya's Noxious Bog    Tmut/Pois      14%        N/A       95%         6
 Conjure Ball Lightning   Conj/Air       13%        3x3d6     97%         6
 Orb of Destruction       Conj           19%        9d8       99%         7
 Death Channel            Necr           8%         N/A       100%        6
 Ignition                 Fire           8%         3d5       100%        8


Dungeon Overview and Level Annotations

Branches:
Dungeon (13/15)            Temple (1/1) D:7            Lair (5/5) D:9
 Shoals (0/4) Lair:3        Snake (0/4) Lair:2        Slime (0/5) Lair:5
    Orc (0/2) D:9           IceCv (visited)
 Vaults: D:13-14

Altars:
Ashenzari
Cheibriados
Dithmenos
Elyvilon
Fedhas
Gozag
Hepliaklqana
Kikubaaqudgha
Makhleb
Nemelex Xobeh
Okawaru
Qazlal
Ru
Sif Muna
Trog
Uskayaw
Vehumet
Wu Jian
Xom
Yredelemnul
Zin
The Shining One
Jiyva
Lugonu

Shops:
D:3 [   D:7 :   D:8 *:   D:10 *

Portals:
Abyss: D:5

Annotations:
D:8 2 transporters
Lair:2 2 transporters, Fractals's ghost, journeyman DsGl
Lair:5 3 runed translucent doors, Thalamas's ghost, journeyman MiBe


Innate Abilities, Weirdness & Mutations

You are very small and have problems with some larger weapons.
You are too small for most types of armour.
You have supernaturally acute eyesight. (SInv)
You cover ground extremely quickly. (Speed+++)


Message History

a +0 leather armour; a +0 whip Your raiju disappears in a puff of smoke!
Your fire vortex disappears in a puff of smoke!
Things that are here:
a +0 mace; a +0 flail
Items here: )) [[[[.
Things that are here:
a +0 robe; a +0 dagger You pick up a book of Air and begin reading...
You add the spells Shock and Airstrike to your library.
h - 14 scrolls of teleportation (gained 1) Done exploring.
Done exploring.
Okay, then.
There is a stone staircase leading down here.
You climb downwards.
There is a stone staircase leading up here.
Found 23 gold pieces. 3 yaktaurs come into view.
The helpless yaktaur fails to defend itself.
You stick the yaktaur like a pincushion!!!!
You kill the yaktaur!
The yaktaur shouts! x2
Unknown command.
There is a stone staircase leading up here.
A yaktaur comes into view.
The yaktaur hits you.
You hit the yaktaur but do no damage. You barely miss the yaktaur.
The yaktaur hits you!
The yaktaur shouts!
You puncture the yaktaur!
The yaktaur is poisoned.
The yaktaur is lightly wounded.
The yaktaur wields a +0 arbalest.
The yaktaur shoots a bolt.
The bolt hits you!!
The yaktaur wields a +0 arbalest.
The yaktaur shoots a bolt.
The bolt barely misses you. The yaktaur hits you!
The yaktaur shoots a bolt.
The bolt hits you!
* * * LOW HITPOINT WARNING * * *
The yaktaur shoots a bolt.
The bolt hits you!
You die...
Your body disappears without a glow.

## .# c# c# ###
.# #<###c##
#.@..c.#
#..c........
...............
................
..............$..
.~...#....##.#~~~
.~......... .....
.#...........#..≈


You could see 3 yaktaurs.

Vanquished Creatures
  4 dire elephants (Lair:4)
  Snorg (D:12)
  2 catoblepae (Lair:5)
  9 hydras
  2 centaur warriors (D:10)
  A two-headed ogre (D:10)
  A boulder beetle (D:10)
  5 death yaks (Lair:5)
  A deep troll shaman (Lair:5)
  A skyshark (Lair:3)
  Nergalle (D:11)
  2 ugly things
  3 cyclopes
  2 manticores
  4 elephants (Lair:5)
  Joseph (D:8)
  Maurice (D:12)
  3 black mambas
  2 torpor snails (Lair:4)
  11 cane toads
  2 gargoyles
  An unseen horror (shapeshifter) (D:10)
  3 unseen horrors
  5 rime drakes
  A komodo dragon (shapeshifter) (D:10)
  An efreet (D:11)
  7 komodo dragons
  An unseen horror zombie (D:8)
  A yaktaur (D:13)
  An ice devil (IceCv)
  3 trolls
  5 polar bears
  A hornet (Lair:4)
  4 dream sheep (Lair:4)
  21 blink frogs
  3 slime creatures
  A centaur simulacrum (D:10)
  A vampire (D:11)
  A wraith (D:10)
  A shadow (D:10)
  5 wyverns
  81 yaks
  3 basilisks
  Menkaure (D:5)
  A naga (Lair:2)
  8 water moccasins
  3 acid dragons
  8 black bears
  An orc warrior (D:8)
  2 ice beasts
  2 ogres (D:5)
  3 sky beasts
  17 wolves
  15 centaurs
  A phantom (D:4)
  8 kobold brigands
  23 bullfrogs
  5 scorpions
  A two-headed ogre simulacrum (IceCv)
  2 gnoll sergeants
  7 wights
  A wyvern zombie (D:8)
  3 killer bees (D:9)
  4 electric eels
  2 howler monkeys
  5 centaur zombies (D:8)
  3 hounds
  2 jellies
  2 gnoll boudas
  3 orc priests (D:7)
  Crazy Yiuf (D:7)
  An iguana (D:7)
  8 orc wizards
  A sleepcap (D:8)
  A troll simulacrum (IceCv)
  A killer bee zombie (D:8)
  A wolf simulacrum (IceCv)
  A mummy (D:7)
  17 gnolls
  11 adders
  13 white imps
  3 ufetubi
  3 worms
  3 dart slugs
  20 orcs
  8 endoplasms
  A giant cockroach (D:3)
  5 goblins
  5 hobgoblins
  5 jackals
  46 kobolds
  10 quokkas
  7 ball pythons
  6 bats
  5 frilled lizards
  4 kobold zombies (D:7)
  7 rats
537 creatures vanquished.

Vanquished Creatures (collateral kills)
  Rupert (D:12)
  An ogre mage (D:11)
  Urug (Lair:1)
  A manticore (D:12)
  A naga (Lair:2)
  2 orc warriors
  3 centaurs
  A kobold brigand (D:10)
  11 wights
  An orc priest (D:12)
  6 gnolls
  An orc (D:12)
  A kobold (D:5)
31 creatures vanquished.

Vanquished Creatures (others)
  12 dancing weapons
  A gnoll (D:8)
  2 kobolds (D:5)
15 creatures vanquished.

Grand Total: 583 creatures vanquished

Notes
Turn   | Place    | Note
-------+----------+-------------------------------------------
     0 | D:1      | LynnLen the Spriggan Enchanter began the quest for the Orb.
     0 | D:1      | Reached XP level 1. HP: 9/9 MP: 5/5
   193 | D:1      | Reached XP level 2. HP: 11/13 MP: 6/6
   342 | D:1      | Reached skill level 5 in Stealth
   995 | D:2      | Learned a level 2 spell: Ensorcelled Hibernation
  1004 | D:2      | Reached XP level 3. HP: 16/16 MP: 8/8
  1099 | D:1      | Learned a level 3 spell: Confusing Touch
  1103 | D:1      | Learned a level 3 spell: Tukima's Dance
  1131 | D:2      | Reached skill level 6 in Stealth
  1225 | D:2      | Reached XP level 4. HP: 21/21 MP: 6/9
  1760 | D:2      | Found a faded altar of an unknown god.
  2627 | D:3      | You fall into a shaft and drop 3 floors!
  2629 | D:6      | Noticed a scorpion
  2639 | D:5      | Entered Level 5 of the Dungeon
  2678 | D:5      | Noticed an ice beast
  2717 | D:5      | Killed an ice beast
  2718 | D:5      | Reached skill level 7 in Stealth
  2718 | D:5      | Reached skill level 5 in Hexes
  2718 | D:5      | Reached XP level 5. HP: 24/24 MP: 8/12
  2749 | D:5      | Noticed an ogre
  2785 | D:5      | Killed an ogre
  2786 | D:5      | Reached skill level 8 in Stealth
  2786 | D:5      | Reached XP level 6. HP: 9/28 MP: 1/13
  3252 | D:5      | Reached skill level 5 in Spellcasting
  3871 | D:3      | Found Suiz's Antique Armour Shoppe.
  4277 | D:4      | Reached skill level 9 in Stealth
  4277 | D:4      | Reached XP level 7. HP: 32/32 MP: 15/15
  5282 | D:5      | Reached skill level 10 in Stealth
  5723 | D:5      | Found a corrupted altar of Lugonu.
  5724 | D:5      | Found a one-way gate to the infinite horrors of the Abyss.
  5781 | D:5      | Noticed Menkaure
  5808 | D:5      | Killed Menkaure
  5809 | D:5      | Reached XP level 8. HP: 36/36 MP: 15/18
  6109 | D:6      | Reached skill level 11 in Stealth
  6587 | D:6      | Reached skill level 12 in Stealth
  7017 | D:6      | Reached skill level 13 in Stealth
  7180 | D:6      | Identified the +0 chain mail "Fiolu" {rElec rF- Str+2 SInv}
  7278 | D:6      | Found a burning altar of Makhleb.
  7535 | D:7      | Reached XP level 9. HP: 26/39 MP: 15/21
  7608 | D:7      | Found a staircase to the Ecumenical Temple.
  7635 | D:7      | Found Bodipn's Book Shop.
  7755 | D:7      | Found a broken altar of Ashenzari.
  7853 | Temple   | Entered the Ecumenical Temple
  8030 | Temple   | Became a worshipper of Nemelex Xobeh the Trickster
  8231 | D:7      | Reached skill level 14 in Stealth
  8606 | D:7      | Found a runed translucent door.
  8607 | D:7      | Noticed Crazy Yiuf
  9085 | D:7      | Killed Crazy Yiuf
  9185 | D:8      | Found Buqolygi's Book Shop.
  9209 | D:8      | Found Eqaisih's Assorted Antiques.
  9233 | D:8      | Bought a scroll of identify for 58 gold pieces
  9233 | D:8      | Bought a scroll of identify for 58 gold pieces
  9233 | D:8      | Bought an orange potion for 26 gold pieces
  9233 | D:8      | Bought a fuming red potion for 26 gold pieces
  9233 | D:8      | Bought a grey potion for 26 gold pieces
  9233 | D:8      | Bought a scroll labelled SENOTA VOUR for 29 gold pieces
  9711 | D:8      | Reached * piety under Nemelex Xobeh
  9772 | D:8      | Reached skill level 15 in Stealth
  9772 | D:8      | Noticed Joseph
  9793 | D:8      | Killed Joseph
  9940 | D:8      | Reached XP level 10. HP: 44/44 MP: 19/24
  9951 | D:8      | Found a transporter.
  9957 | D:8      | Found a transporter.
  9957 | D:8      | Found a viscous altar of Jiyva.
 10298 | D:8      | Reached skill level 10 in Spellcasting
 10547 | D:8      | Reached skill level 10 in Hexes
 10627 | D:8      | Noticed a great orb of eyes
 11162 | D:9      | Reached skill level 16 in Stealth
 11317 | D:9      | Found a stormy altar of Qazlal.
 11385 | D:9      | Found a staircase to the Orcish Mines.
 11598 | D:9      | Found a staircase to the Lair.
 11809 | D:9      | Received a gift from Nemelex Xobeh
 11984 | D:9      | Reached skill level 17 in Stealth
 12057 | D:9      | Found a hide-covered altar of Uskayaw.
 12289 | Lair:1   | Entered Level 1 of the Lair of Beasts
 12303 | Lair:1   | Noticed Urug
 12334 | Lair:1   | Killed Urug
 12335 | Lair:1   | Reached XP level 11. HP: 38/47 MP: 6/27
 12580 | Lair:1   | Learned a level 8 spell: Lehudib's Crystal Spear
 12610 | Lair:1   | Found a frozen archway.
 12930 | Lair:1   | Reached skill level 18 in Stealth
 12986 | IceCv    | Entered an ice cave
 12986 | IceCv    | Reached ** piety under Nemelex Xobeh
 14026 | Lair:1   | Noticed a six-headed hydra
 14034 | Lair:1   | Killed a six-headed hydra
 14120 | Lair:1   | Noticed a four-headed hydra
 14209 | Lair:1   | Killed a four-headed hydra
 14255 | Lair:1   | Reached skill level 19 in Stealth
 14538 | Lair:2   | Noticed a skyshark
 14538 | Lair:2   | Noticed a skyshark
 14543 | Lair:2   | Noticed Fractals's ghost (journeyman DsGl)
 14552 | Lair:2   | Found a transporter.
 14573 | Lair:2   | Found a transporter.
 15309 | Lair:2   | Reached skill level 20 in Stealth
 15309 | Lair:2   | Reached XP level 12. HP: 43/51 MP: 6/30
 15460 | D:7      | Bought a Young Poisoner's Handbook for 220 gold pieces
 15463 | D:7      | Learned a level 2 spell: Poisonous Vapours
 15468 | D:7      | Learned a level 4 spell: Olgreb's Toxic Radiance
 15623 | Lair:2   | Found a staircase to the Snake Pit.
 16182 | Lair:2   | Reached skill level 1 in Earth Magic
 16182 | Lair:2   | Reached skill level 1 in Poison Magic
 16182 | Lair:2   | Reached skill level 1 in Evocations
 16984 | Lair:2   | Learned a level 5 spell: Silence
 17259 | Lair:3   | Received a gift from Nemelex Xobeh
 18085 | Lair:3   | Reached skill level 21 in Stealth
 18296 | Lair:3   | Found a staircase to the Shoals.
 18362 | Lair:3   | Reached *** piety under Nemelex Xobeh
 18378 | Lair:3   | Received a gift from Nemelex Xobeh
 18609 | Lair:4   | Noticed a four-headed hydra
 18674 | Lair:4   | Killed a four-headed hydra
 18770 | Lair:4   | Noticed a dire elephant
 18771 | Lair:4   | Noticed a dire elephant
 18969 | Lair:4   | Reached XP level 13. HP: 55/55 MP: 28/32
 19181 | Lair:4   | Identified the +2 long sword of Fixation {drain, MP+9}
 19194 | Lair:4   | Killed a dire elephant
 19195 | Lair:4   | Reached skill level 5 in Evocations
 19201 | Lair:4   | HP: 1/55 [rime drake/icy flash freeze (29)]
 20367 | Lair:4   | Received a gift from Nemelex Xobeh
 20806 | Lair:4   | Killed a dire elephant
 21329 | Lair:4   | Noticed a dire elephant
 21329 | Lair:4   | Noticed a dire elephant
 21397 | Lair:4   | Killed a dire elephant
 21440 | Lair:4   | Killed a dire elephant
 21650 | Lair:4   | Reached skill level 5 in Poison Magic
 21984 | Lair:5   | Entered Level 5 of the Lair of Beasts
 22231 | Lair:5   | Found a staircase to the Slime Pits.
 22266 | Lair:5   | Received a gift from Nemelex Xobeh
 22355 | Lair:5   | Reached **** piety under Nemelex Xobeh
 23513 | Lair:5   | Reached skill level 15 in Spellcasting
 23576 | Lair:5   | Found a runed translucent gate.
 23576 | Lair:5   | Found a runed translucent gate.
 23576 | Lair:5   | Found a runed translucent gate.
 23576 | Lair:5   | Noticed an azure jelly
 23578 | Lair:5   | Noticed an acid blob
 23578 | Lair:5   | Noticed an acid blob
 23578 | Lair:5   | Noticed Thalamas's ghost (journeyman MiBe)
 23579 | Lair:5   | Found a viscous altar of Jiyva.
 23579 | Lair:5   | Noticed an azure jelly
 23579 | Lair:5   | Noticed an acid blob
 23579 | Lair:5   | Noticed an azure jelly
 23579 | Lair:5   | Noticed an acid blob
 23580 | Lair:5   | Noticed an acid blob
 24067 | Lair:5   | Reached skill level 5 in Earth Magic
 24643 | Lair:5   | Reached skill level 22 in Stealth
 25248 | Lair:5   | Reached XP level 14. HP: 40/59 MP: 12/34
 25880 | D:10     | Entered Level 10 of the Dungeon
 25919 | D:10     | Found a glowing silver altar of Zin.
 25994 | D:10     | Received a gift from Nemelex Xobeh
 26442 | D:10     | Found Piebytoh's Practical Paraphernalia.
 26450 | D:10     | Bought a scroll of poison for 60 gold pieces
 26450 | D:10     | Bought a wand of polymorph (3) for 63 gold pieces
 26714 | D:10     | Found an ornate altar of the Wu Jian Council.
 26874 | D:10     | Reached skill level 1 in Conjurations
 27096 | D:10     | Identified the +8 sling of Resourcefulness {flame, rElec
                  | rPois Int-2 SInv}
 27510 | D:10     | Identified the +10 spear of Articulation {spect, Fragile
                  | rC++ Int+2}
 28010 | D:11     | Reached XP level 15. HP: 63/63 MP: 36/36
 28027 | D:11     | Reached ***** piety under Nemelex Xobeh
 28027 | D:11     | Received a gift from Nemelex Xobeh
 28412 | D:11     | Reached skill level 5 in Conjurations
 28638 | D:11     | Received a gift from Nemelex Xobeh
 29561 | D:12     | Noticed Nergalle
 29571 | D:11     | Killed Nergalle
 29586 | D:12     | Noticed Rupert
 30264 | D:12     | Noticed Snorg
 30305 | D:12     | Noticed Maurice
 30693 | D:12     | Killed Maurice
 30711 | D:12     | Killed Snorg
 30803 | D:12     | Found a broken altar of Ashenzari.
 30828 | D:12     | Paralysed by Rupert for 4 turns
 30973 | D:12     | HP: 3/63 [sixfirhy[the player character] (12)]
 31112 | D:12     | Killed Rupert
 31257 | D:13     | Shot with a bolt by a yaktaur

Illustrated notes

Levels and vault maps discovered:
D:1:      lordsloth_arrival_two_stooges, layout_rooms, minmay_crystal_water,
          hex_large, minmay_misc_feat_columns, minmay_pentomino_q4
D:2:      kennysheep_big_flooded_room, layout_loops_ring,
          nicolae_ecumenical_lake_church
D:3:      layout_rooms, serial_shops, shop
D:4:      layout_layer_cave, serial_park_tiny_1
D:5:      kennysheep_kobold_camp, layout_loops_corners,
          amcnicky_altar_lugonu_corruption, uniq_menkaure
D:6:      layout_loops_ring, marbit_many_paths
D:7:      layout_basic, amcnicky_altar_gilded, minmay_temple_entry_junction,
          serial_shops, nicolae_book_shop_shelving, minmay_mini_ossuary,
          uniq_crazy_yiuf_cottage
D:8:      gammafunk_jiyva_shrine, layout_rooms, serial_undead, serial_undead_a,
          serial_undead_a, serial_undead_e, serial_undead_e, serial_undead_d,
          serial_undead_f, minmay_misc_feat_alley, kennysheep_big_empty_room,
          nicolae_wooded_promenade, minivault_5, uniq_joseph
D:9:      layout_basic, nicolae_qazlal_general_emergency,
          nicolae_uskayaw_dance_hall, moated_statue, serial_bayou_pond_d
D:10:     minmay_the_grid_octo_2x2 [minmay_the_grid_octo_pinwheel,
          minmay_the_grid_octo_checkered, minmay_the_grid_octo_empty,
          minmay_the_grid_octo_prize_ultimate_mussel_roller], layout_cave_pools,
          nzn_wu_jian_council_hall, lemuel_crystal_altar,
          nicolae_alphabet_shops, minmay_misc_feat_hallway
D:11:     layout_rooms, minmay_fractal_squares_gapless_7
D:12:     layout_rooms, ashenzari_conservatory_becter, uniq_rupert,
          uniq_maurice, uniq_nergalle, uniq_snorg
D:13:     nzn_winding_woodlands_cross [nzn_winding_woodlands_5x15_split_checker,
          nzn_winding_woodlands_5x15_zeroes,
          nzn_winding_woodlands_5x15_sidewinder,
          nzn_winding_woodlands_5x15_longhouse,
          nzn_winding_woodlands_15x15_five_gardens], layout_basic, uniq_nessos,
          uniq_kirke
Temple:   eino_temple_scatter_basement
Lair:1:   layout_cave_shapes, portal_ice_cave_entry_imps, serial_bayou_shore_b,
          uniq_urug
Lair:2:   layout_roguey, guppyfry_snake_entry_garden,
          gammafunk_ghost_berserking_beasts, minivault_25
Lair:3:   layout_hall_layers, minmay_shoals_entry_centaurs,
          gammafunk_lair_bear_cave
Lair:4:   layout_cave_pods, chequers_serial_rivers_micro_a,
          nicolae_lair_lakeside_cave
Lair:5:   grunt_lair_end_beastmaster, layout_regular_city, slime_entry_1,
          gammafunk_ghost_ooze, chequers_serial_rivers_large_a

Skill      XL: |  1  2  3  4  5  6  7  8  9 10 11 12 13 14 15 |
---------------+----------------------------------------------+-----
Hexes          | 4 5 6 7 9 11 12 13 14 | 14.5
Stealth        | 5 6 7 8 9 10 13 15 17 20 21 22 | 22.4
Spellcasting   | 3 4 5 6 7 9 11 13 14 15 16 | 16.8
Earth Magic    | 3 5 6 |  6.3
Poison Magic   | 3 6 |  6.0
Evocations     | 4 7 8 |  8.9
Conjurations   | 4 5 |  5.3
Short Blades   | |  1.1
Dodging        | |  2.6

Action                     |  1- 3 |  4- 6 |  7- 9 | 10-12 | 13-15 || total
---------------------------+-------+-------+-------+-------+-------++-------
  Melee: Dagger            |    87 |   166 |   320 |   330 |       ||   903
         Punch             |       |     3 |     3 |     2 |     4 ||    12
         Short sword       |       |       |       |   109 |   289 ||   398
  Throw: Dart              |       |       |       |     4 |     6 ||    10
         Stone             |       |       |       |       |     1 ||     1
   Cast: Ensorcelled Hiber |     4 |    35 |    71 |   250 |   180 ||   540
         Tukima's Dance    |     1 |     7 |    15 |    18 |    31 ||    72
         Confusing Touch   |       |     2 |    18 |    21 |    14 ||    55
         Olgreb's Toxic Ra |       |       |       |       |    89 ||    89
         Poisonous Vapours |       |       |       |       |    50 ||    50
 Invoke: Draw Destruction  |       |       |       |     4 |     7 ||    11
         Draw Summoning    |       |       |       |       |     7 ||     7
  Evoke: Wand              |       |       |       |    23 |     4 ||    27
    Use: Scroll            |     3 |     3 |     8 |     5 |    17 ||    36
         Potion            |       |       |     1 |    15 |     3 ||    19
   Stab: Sleeping          |    13 |    29 |    58 |   137 |    77 ||   314
         Distracted        |       |     2 |     1 |     1 |     2 ||     6
         Confused          |       |       |    16 |    17 |    10 ||    43
         Invisible         |       |       |       |     5 |       ||     5
         Petrified         |       |       |       |       |     1 ||     1
 Armour: Robe              |     4 |     9 |    52 |   134 |    56 ||   255
         Troll leather arm |       |       |       |       |    45 ||    45
         Acid dragon scale |       |       |       |       |    28 ||    28
  Dodge: Dodged            |    55 |   149 |   312 |   519 |   334 ||  1369
